[Event "*** Titled Tuesday Blitz"]
[Site "Chess.com"]
[Date "2021.04.27"]
[Round "5"]
[White "Kostukov_Alex"]
[Black "Klavdia_Nik"]
[Result "1-0"]
[WhiteElo "2309"]
[BlackElo "2053"]
[TimeControl "180+1"]
[EndTime "10:56:58 PDT"]
[Termination "Kostukov_Alex won on time"]

1. g3 Nf6 2. c4 g6 3. Bg2 Bg7 4. Nf3 O-O 5. O-O c5 6. d4 d6 7. Nc3 Nbd7 8. h3 Rb8 9. e4 Ne8 10.
Be3 b6 11. Qd2 Bb7 12. Rfe1 Nef6 13. d5 Re8 14. Rad1 b5 15. cxb5 a6 16. a4 axb5 17. axb5 Nb6 18. Bf1 Bc8 19. e5 Nfd7 20. e6 fxe6 21.
Ng5 Ne5 22. Nxe6 Bxe6 23. dxe6 Nf3+ 24. Kg2 Nxd2 25. Rxd2 d5 26. Bf4 Ra8 27. Kh2 d4 28. Ne4 Nd5 29. Nxc5 Nxf4 30. gxf4 Qd5 31. Nd3 Rab8 32.
b4 Rxb5 33. Bg2 Qd6 34. Kg3 h5 35. h4 Kh7 36. Bf3 Bh6 37. Rde2 Rf5 38. Re4 Ref8 39. Kg2 Rxf4 40. Nxf4 Rxf4 41. Rxf4 Bxf4 42. b5 d3 43. Rb1 d2 44. b6 Qxe6 45. b7 Bb8 46. Rd1 Qd6 47.
Kf1 e5 48. Be2 e4 49. Rxd2 1-0

[Event "*** Titled Tuesday Blitz"]
[Site "Chess.com"]
[Date "2021.04.27"]
[Round "5"]
[White "GM_dmitrij"]
[Black "dretch"]
[Result "0-1"]
[WhiteElo "2951"]
[BlackElo "2822"]
[TimeControl "180+1"]
[EndTime "10:56:59 PDT"]
[Termination "dretch won by checkmate"]

1. e4 e6 2. d4 d5 3. exd5 exd5 4. Nf3 Bd6 5. c4 dxc4 6. Bxc4 Nf6 7. Qe2+ Be7 8. O-O O-O 9. Re1 Nc6 10. h3 Nd5 11.
Nc3 Be6 12. Bd2 Re8 13. Bd3 Bf6 14. Qe4 g6 15. Rad1 Ncb4 16. Bb1 Bd7 17. Ne5 Bf5 18.
Qf3 Bxb1 19. Rxb1 c6 20. Ne4 Nc2 21. Ng4 Bg7 22. Bg5 Nxe1 23. Rxe1 Rxe4 24. Bxd8 Rxe1+ 25.
Kh2 Rxd8 26. Qa3 h5 27. Ne5 Bxe5+ 28. dxe5 Rxe5 29. Qxa7 Re7 30. a4 Red7 31. a5 Ne7 32. Qc5 Nf5 33. b4 Rd5 34. Qb6 R8d7 35. a6 bxa6 36.
Qxc6 R5d6 37. Qc5 Kg7 38. Qe5+ Kh7 39. Qa5 Re6 40. Qa2 Rde7 41. g4 hxg4 42. hxg4 Nh6 43. Kg3 Re4 44. f3 R4e6 45. Qh2 Kg7 46. Qb2+ f6 47. b5 axb5 48. Qxb5 Nf7 49. Qc5 g5 50. Qd5 Ne5 51. Kf2 Ng6 52. Kg3 Nf4 53. Qf5 Ng6 54. Qa5 Re2 55. Qf5 Rg2+ 56. Kh3 Nf4+ 57. Qxf4 gxf4 58. Kh4 Rh2# 0-1

[Event "*** Titled Tuesday Blitz"]
[Site "Chess.com"]
[Date "2021.04.27"]
[Round "5"]
[White "SergeyShtyka"]
[Black "Cptn2"]
[Result "0-1"]
[WhiteElo "2414"]
[BlackElo "2585"]
[TimeControl "180+1"]
[EndTime "10:57:01 PDT"]
[Termination "Cptn2 won by checkmate"]

1. e4 c5 2. Nf3 Nf6 3. Nc3 d5 4. exd5 Nxd5 5. Bb5+ Nc6 6. Bxc6+ bxc6 7. O-O g6 8. h3 Bg7 9. Qe2 O-O 10. Qc4 Nb4 11.
Qxc5 Nxc2 12. Rb1 Ba6 13. Rd1 Bd3 14. Qxc6 Nb4 15. Qa4 Bxb1 16. Qxb4 Bd3 17. Re1 e6 18. b3 a5 19. Qf4 Qf6 20. Qe3 Rfd8 21. Bb2 Qf5 22. Na4 Bxb2 23. Nxb2 Ba6 24. Ne5 h5 25. Nbc4 Bxc4 26. Nxc4 Rd3 27. Qe2 a4 28. bxa4 Rd4 29. a5 Rc8 30. Ne3 Qxa5 31. d3 Rcd8 32. Rd1 Qc3 33.
Rd2 Rxd3 34. Rxd3 Qxd3 35. Qf3 Qb1+ 36. Kh2 Qxa2 37. Qf6 Qa8 38. h4 Qb8+ 39. g3 Qd6 40.
Ng2 Qd4 41. Qf3 Qd5 42. Qf6 Rc8 43. Nf4 Qf5 44. Qe7 e5 45. Nh3 Rc2 46. Qd8+ Kg7 47. Qd1 Rxf2+ 48. Nxf2 Qxf2+ 49. Kh3 e4 50. Qa1+ Kh7 51.
g4 Qf3+ 52. Kh2 hxg4 53. h5 g3+ 54. Kg1 Qf2+ 55. Kh1 Qh2# 0-1

[Event "*** Titled Tuesday Blitz"]
[Site "Chess.com"]
[Date "2021.04.27"]
[Round "5"]
[White "ChampStan"]
[Black "dosto07"]
[Result "1-0"]
[WhiteElo "2114"]
[BlackElo "2296"]
[TimeControl "180+1"]
[EndTime "10:57:01 PDT"]
[Termination "ChampStan won on time"]

1. e4 e5 2. Nf3 Nc6 3. Bb5 a6 4. Ba4 Nf6 5. O-O Be7 6. Re1 b5 7. Bb3 O-O 8. c3 d6 9. h3 Na5 10. Bc2 c5 11. d3 Re8 12. Nbd2 Bf8 13. Nf1 h6 14. Ng3 g6 15. Be3 Bg7 16. a4 Bb7 17. Qd2 Kh7 18. Rad1 Qc7 19. Qc1 d5 20. exd5 Bxd5 21.
Nh4 Nb3 22. Qb1 bxa4 23. d4 cxd4 24. Bxg6+ fxg6 25. Qxg6+ Kh8 26. Bxh6 Qf7 27. Ngf5 Qxg6 28. Nxg6+ Kh7 29. Nxg7 Kxg6 30. Nxe8 Rxe8 31. cxd4 Nxd4 32.
Be3 Nc2 33. Re2 Nxe3 34. Rxe3 Kf7 35. Rc1 Rg8 36. g4 e4 37. Rc7+ Ke6 38. Kh2 Rb8 39. Rc2 Rb3 40. Rce2 Rxe3 41. Rxe3 Ke5 42. Kg3 Nd7 43.
Rc3 Nb6 44. h4 Nc4 45. Rc2 Nd6 46. h5 e3 47. fxe3 Ne4+ 48. Kh4 Nd6 49. Rc5 1-0

[Event "*** Titled Tuesday Blitz"]
[Site "Chess.com"]
[Date "2021.04.27"]
[Round "5"]
[White "MatyChess1"]
[Black "m_ezat"]
[Result "1-0"]
[WhiteElo "2682"]
[BlackElo "2499"]
[TimeControl "180+1"]
[EndTime "10:57:02 PDT"]
[Termination "MatyChess1 won by checkmate"]

1. e4 c6 2. Nf3 d5 3. Nc3 Bg4 4. h3 Bh5 5. d4 e6 6. g4 Bg6 7. exd5 cxd5 8. h4 Bb4 9. Ne5 f6 10. Bb5+ Kf8 11. Nxg6+ hxg6 12. Qd3 Kf7 13. a3 Ba5 14. b4 Bb6 15. Ne2 a5 16. Rb1 axb4 17.
axb4 Ne7 18. c3 Ra2 19. c4 dxc4 20. Bxc4 Ra8 21. Nf4 Qxd4 22. Qxd4 Bxd4 23. Rh3 Ra6 24. b5 Rd6 25. Ba3 Rd5 26. Bxd5 Nxd5 27. Nxd5 exd5 28. Rd1 Be5 29. Rxd5 Ke6 30. Rd1 Nd7 31. Re3 Nb6 32. Rd6+ Kf7 33. Rxb6 Rxh4 34. Rxb7+ Kg8 35. Rxe5 fxe5 36.
f3 Rh3 37. Bb2 Rxf3 38. b6 Rb3 39. Bc1 Rb4 40. g5 Rc4 41. Be3 Rc3 42. Ke2 Rb3 43. Re7 Kh7 44. Rxe5 Rb2+ 45. Kf3 Rb3 46. Re7 Kg8 47. b7 Kh7 48. Rc7 Kg8 49. Ke4 Kh7 50.
Bd4 Rb4 51. Rxg7+ Kh8 52. Rxg6+ Kh7 53. Rh6+ Kg8 54. b8=Q+ Rxb8 55. Rh8+ Kf7 56. Rxb8 Kg6 57.
Rb6+ Kh5 58. Be5 Kxg5 59. Rb1 Kh5 60. Rg1 Kh4 61. Kf5 Kh3 62. Bf4 Kh4 63. Rh1# 1-0

[Event "*** Titled Tuesday Blitz"]
[Site "Chess.com"]
[Date "2021.04.27"]
[Round "5"]
[White "PolandHussars"]
[Black "masteryoungK"]
[Result "1-0"]
[WhiteElo "2628"]
[BlackElo "2440"]
[TimeControl "180+1"]
[EndTime "10:57:02 PDT"]
[Termination "PolandHussars won on time"]

1. e4 c5 2. Ne2 Nc6 3. g3 g6 4. Bg2 Bg7 5. c3 e5 6. d3 Nge7 7. Be3 d6 8. Nd2 O-O 9. f4 exf4 10. Nxf4 f5 11. O-O fxe4 12. Nxe4 Nf5 13. Bf2 Kh8 14. g4 Nh4 15. Bxh4 Qxh4 16. Nxd6 Bxg4 17. Qe1 Qg5 18.
Ne4 Qe5 19. Qg3 Bf5 20. Rae1 Rad8 21. Ng5 Qf6 22. Nfe6 Rxd3 23. Qh4 h6 24. Nxf8 Bxf8 25. Nf3 Bg7 26. Re8+ Kh7 27. Qxf6 Bxf6 28. Ne1 Rd2 29. Rf2 Rd1 30. Rf1 Ne5 31. Nf3 Nxf3+ 32. Bxf3 Rd2 33.
Rf2 Rd7 34. Kg2 h5 35. Be4 Bxe4+ 36. Rxe4 Kg7 37. Re6 Bg5 38. Re5 Be7 39. Rfe2 Bf8 40.
Re8 b6 41. Ra8 Rf7 42. Rf2 Rxf2+ 43. Kxf2 Bd6 44. Rxa7+ Kf6 45. h3 c4 46. Kf3 Kf5 47. Rb7 Bc5 48. a4 g5 49. Rc7 g4+ 50. hxg4+ hxg4+ 51.
Kg2 Kf4 52. a5 Be3 53. Rxc4+ Kf5 54. a6 b5 55. Rb4 Bc5 56. Rxb5 1-0

[Event "*** Titled Tuesday Blitz"]
[Site "Chess.com"]
[Date "2021.04.27"]
[Round "5"]
[White "DarZay"]
[Black "Kolle05"]
[Result "0-1"]
[WhiteElo "2168"]
[BlackElo "2328"]
[TimeControl "180+1"]
[EndTime "10:57:03 PDT"]
[Termination "Kolle05 won on time"]

1. e4 c5 2. Nc3 d6 3. f4 g6 4. Nf3 Bg7 5. d4 cxd4 6. Nxd4 Nc6 7. Bb5 Bd7 8. Bxc6 bxc6 9. Be3 Nf6 10. h3 O-O 11.
O-O Rb8 12. Rb1 c5 13. Nb3 a5 14.
e5 Ne8 15. Ne4 Bc6 16. Nbd2 dxe5 17. Nxc5 exf4 18. Bxf4 Bd4+ 19. Kh1 Bxc5 20. Bxb8 Qxb8 21. Qg4 Nf6 22. Qc4 Qg3 23. Nf3 Ne4 24. Rbd1 Nf2+ 25. Rxf2 Qxf2 26. Rd2 Qe3 27. Re2 Qc1+ 28. Re1 Qxb2 29. Qxc5 Bxf3 30. gxf3 Qxa2 31. Rxe7 a4 32. Ra7 Qe6 33. Kg2 Rd8 34. Qf2 Qc4 35. Kg3 Qc3 36. Ra6 Qe5+ 37. Kg2 Qg5+ 38. Kh1 Rd1+ 39. Kh2 Rd2 40. Qxd2 Qxd2+ 41. Kg3 Qxc2 42. Ra8+ Kg7 43. Kg4 Qf5+ 44. Kg3 Qe5+ 45. Kg4 Qb5 46. Kg3 Qb3 0-1

[Event "*** Titled Tuesday Blitz"]
[Site "Chess.com"]
[Date "2021.04.27"]
[Round "5"]
[White "monalize"]
[Black "nss13"]
[Result "1/2-1/2"]
[WhiteElo "2377"]
[BlackElo "2539"]
[TimeControl "180+1"]
[EndTime "10:57:04 PDT"]
[Termination "Game drawn - insufficient material"]

1. e4 c5 2. Nf3 e6 3. b3 b6 4. Bb2 Bb7 5. Qe2 Nc6 6. e5 Nge7 7. Na3 Nf5 8. Qe4 Be7 9. O-O-O O-O 10. Bd3 Rb8 11.
Qg4 Nh4 12. Nxh4 Bxh4 13. g3 Be7 14. Rhe1 Nb4 15. Be4 Bxe4 16. Rxe4 Nxa2+ 17. Kb1 Nb4 18. Nc4 b5 19. Nd6 Bxd6 20. exd6 f6 21. Qh5 c4 22. Rh4 h6 23. Qg6 Qe8 24. Qxe8 Rfxe8 25. bxc4 bxc4 26. Rxc4 Rb7 27. Ka1 Reb8 28. Ba3 Nd5 29. Rc5 Kf7 30. c4 Nb6 31. d3 Na4 32. Rc7 Nc3 33. Rxb7 Rxb7 34.
Rc1 Rb3 35. Bc5 Na4 36. Be3 Rxd3 37. c5 Ra3+ 38. Kb1 e5 39. Rc4 Ke6 40. c6 dxc6 41. d7 Rd3 42. Rxa4 Rxd7 43. Kc2 f5 44. Rxa7 g5 45. Rxd7 Kxd7 46. Kd3 Ke6 47. Kc4 f4 48. Bc5 Kf5 49. f3 g4 50. fxg4+ Kxg4 51. gxf4 exf4 52.
Kd3 Kh3 53. Bd6 Kxh2 54. Bxf4+ Kg2 55. Bxh6 c5 56. Kc4 Kf3 57. Kxc5 1/2-1/2

[Event "*** Titled Tuesday Blitz"]
[Site "Chess.com"]
[Date "2021.04.27"]
[Round "5"]
[White "ErikRonka"]
[Black "LenkaPtacnikova"]
[Result "0-1"]
[WhiteElo "2464"]
[BlackElo "2202"]
[TimeControl "180+1"]
[EndTime "10:57:04 PDT"]
[Termination "LenkaPtacnikova won by resignation"]

1. d4 Nf6 2. c4 e6 3. Nc3 Bb4 4. a3 Bxc3+ 5. bxc3 c5 6. e3 O-O 7. Bd3 d6 8. e4 e5 9. Ne2 Re8 10. f3 Qa5 11. O-O Qc7 12. Bg5 Nfd7 13. Ra2 Nc6 14.
d5 Na5 15. g4 b6 16. Ng3 Ba6 17. Qe2 Nf8 18. Nf5 Ng6 19. h4 f6 20. Be3 Nf4 21.
Bxf4 exf4 22. Qh2 Bxc4 23. Bxc4 Nxc4 24. Qxf4 Ne5 25. Rg2 g6 26. Nh6+ Kg7 27. g5 fxg5 28. Qxg5 Qd8 29. Nf5+ Kh8 30. Qg3 Qf6 31. Nh6 Rf8 32.
f4 Nc4 33. Ng4 Qe7 34. e5 dxe5 35. fxe5 Rxf1+ 36. Kxf1 Rf8+ 37. Rf2 Rxf2+ 38. Kxf2 Qf7+ 39. Kg2 Qxd5+ 40. Kh3 Qe6 41. Kh2 Kg7 42. Qf4 Qf5 43. Qh6+ Kg8 44. Nf6+ Kf7 45. Qxh7+ Ke6 46. Qd7+ Kxe5 47.
Ng4+ Kf4 48. Qc7+ Kxg4 49. Qg3+ Kh5 50. Qg2 Qf4+ 51. Kh1 Qxh4+ 52. Kg1 Qg4 53. Kf1 0-1

[Event "*** Titled Tuesday Blitz"]
[Site "Chess.com"]
[Date "2021.04.27"]
[Round "5"]
[White "Susal_De_Silva"]
[Black "Andreikka"]
[Result "0-1"]
[WhiteElo "2629"]
[BlackElo "2883"]
[TimeControl "180+1"]
[EndTime "10:57:05 PDT"]
[Termination "Andreikka won by resignation"]

1. e4 e5 2. Nf3 Nc6 3. Bc4 Bc5 4.
O-O Nf6 5. d3 O-O 6. c3 d6 7. h3 h6 8. Re1 a5 9. Bb3 Be6 10.
Nbd2 Re8 11. Bc2 d5 12. Nf1 Qd7 13. Be3 Bf8 14. Ng3 dxe4 15. dxe4 Qxd1 16. Rexd1 a4 17. a3 g6 18. Ne1 Nd7 19. Nd3 b5 20.
Nb4 Na5 21. Nd5 Rec8 22. Nf1 c6 23. Nb4 Nc4 24. Bc1 h5 25. Ne3 Na5 26. f3 Nc5 27. Nf1 Be7 28. Be3 Nc4 29. Rab1 Nb3 30. Bxb3 axb3 31. Bf2 Bg5 32. h4 Bh6 33. Nd3 Na5 34.
Nc5 Bc4 35. Ne3 Rd8 36. Nd7 Bg7 37. Nf1 Be2 38. Rd2 Bxf1 39. Kxf1 Nc4 40. Rdd1 Bh6 41. Ke2 Nd2 42. Nxe5 Nxb1 43. Rxb1 Rd2+ 44. Kf1 Rad8 45. Nxc6 Rd1+ 46. Rxd1 Rxd1+ 47. Ke2 Rd2+ 48. Ke1 Rxb2 49.
Bd4 Re2+ 50. Kxe2 b2 51. Ne7+ Kh7 52. Nd5 b1=Q 53. Nf6+ Kh8 54. Ng4+ Bg7 0-1

[Event "*** Titled Tuesday Blitz"]
[Site "Chess.com"]
[Date "2021.04.27"]
[Round "5"]
[White "Vanina1989"]
[Black "Anton_Demchenko"]
[Result "0-1"]
[WhiteElo "2805"]
[BlackElo "2932"]
[TimeControl "180+1"]
[EndTime "10:57:07 PDT"]
[Termination "Anton_Demchenko won on time"]

1. d4 Nf6 2. c4 g6 3. Nc3 Bg7 4.
e4 d6 5. Nf3 O-O 6. Be2 Nbd7 7.
O-O e5 8. Be3 c6 9. Qc2 Ng4 10.
Bg5 f6 11. Bd2 f5 12. exf5 exd4 13. Ne4 Nc5 14. Nxc5 dxc5 15. fxg6 Qd6 16. gxh7+ Kh8 17. h3 Rxf3 18. hxg4 d3 19. Qb3 dxe2 20. Qxf3 exf1=Q+ 21. Rxf1 Qxd2 22. Rd1 Bxg4 23. Qxg4 Qxb2 24. Rd7 Rf8 25. f3 Qb1+ 26. Kf2 Bd4+ 27. Kg3 Qe1+ 28. Kh2 Be5+ 29.
g3 Qe2+ 30. Kh3 Qxf3 31. Qxf3 Rxf3 32. Rxb7 Rxg3+ 33. Kh4 Rg7 34. Rb3 Kxh7 35. Kh5 Bd4 36. Ra3 Re7 37. Ra6 Rc7 38. Kg5 Kg7 39. Kf5 Kf7 40. Ra3 Re7 41. Ra6 Rc7 42. Ra3 Ke7 43. Rh3 Kd7 44. Rh7+ Kc8 45. Rh3 Kb7 46. Rb3+ Ka8 47.
Ke6 Rb7 48. Ra3 Rb4 49. Kd6 Kb7 50. Rh3 Rxc4 51. Rh7+ Kb6 52. Rh3 Rc3 53. Rh1 Rd3 54. Rb1+ Ka6 55. Kxc6 Ra3 0-1

[Event "*** Titled Tuesday Blitz"]
[Site "Chess.com"]
[Date "2021.04.27"]
[Round "5"]
[White "VerdeNotte"]
[Black "Gusarov91"]
[Result "1-0"]
[WhiteElo "2887"]
[BlackElo "2614"]
[TimeControl "180+1"]
[EndTime "10:57:07 PDT"]
[Termination "VerdeNotte won by resignation"]

1. Nf3 c6 2. g3 d5 3. Bg2 Nf6 4. O-O Bg4 5. c4 Nbd7 6. cxd5 cxd5 7. Qb3 Bxf3 8. Bxf3 Nb6 9. d3 e6 10. a4 a5 11. Be3 Bb4 12. Bd2 Bxd2 13. Nxd2 O-O 14. Rfc1 Qd6 15. e4 Rfc8 16. e5 Qxe5 17. Qxb6 g5 18. Re1 Qf5 19. Bg2 Rc2 20. Nf3 Qxd3 21. Qxb7 Rf8 22. Nxg5 Qd4 23. Rf1 Rxb2 24. Qc7 Rxf2 25.
Rxf2 Qxa1+ 26. Rf1 Qd4+ 27. Kh1 Ng4 28. h3 Nf2+ 29. Kh2 h6 30. Nf3 Qe3 31. Qxa5 Ne4 32. Qc7 Ra8 33. a5 Ra7 34. Qb8+ Kh7 35. Nh4 Ng5 36.
Qf4 Qc3 37. Nf3 Nxf3+ 38. Rxf3 Qxa5 39. Qf6 Qd2 40. h4 Rb7 41. Rf4 Qb2 42. Qxb2 Rxb2 43. Rxf7+ Kg6 44. Rf1 e5 45. Kg1 e4 46. Rd1 e3 47. Bxd5 Kf5 48. Re1 Rd2 49. Bf3 Rd3 50.
Kf1 Ra3 51. Ke2 Ke5 52. Rd1 Rb3 53. Rd5+ Kf6 54. Rd6+ Kg7 55. Re6 Rb2+ 56. Kxe3 Rb3+ 57. Kf4 Rb4+ 58. Be4 Rb5 59. Rg6+ Kf7 60. Rxh6 Rb2 61. g4 Rf2+ 62. Ke5 Kg7 63. Rh7+ Kg8 64. g5 Rf1 65. g6 Rf8 66. Bd5+ 1-0

[Event "*** Titled Tuesday Blitz"]
[Site "Chess.com"]
[Date "2021.04.27"]
[Round "5"]
[White "Orest_Vovk"]
[Black "Grineva_Marianna"]
[Result "1-0"]
[WhiteElo "2353"]
[BlackElo "2225"]
[TimeControl "180+1"]
[EndTime "10:57:07 PDT"]
[Termination "Orest_Vovk won by resignation"]

1. h3 d5 2. e4 dxe4 3. Nc3 Nf6 4.
Qe2 Nc6 5. Nxe4 e6 6. Nf3 Be7 7. d3 O-O 8. g3 b6 9. Bg2 Bb7 10. O-O Na5 11. b3 Qc8 12. Bb2 Nxe4 13. dxe4 Ba6 14.
c4 Nc6 15. Rad1 Bb7 16. Ne5 Nxe5 17. Bxe5 f6 18. Bc3 e5 19. f4 Bc5+ 20. Kh2 Qe6 21. Qh5 exf4 22. Rxf4 Rad8 23. Rh4 h6 24. Rd5 Bxd5 25.
cxd5 Qf7 26. Qf5 g6 27. Qf1 h5 28. Rf4 Be7 29. e5 f5 30. e6 Qh7 31. Qc4 Bf6 32. Bb4 Rfe8 33. d6 cxd6 34. e7+ Kg7 35. exd8=Q Rxd8 36. Bxd6 Kh6 37. Ba3 Rd2 38. Bc1 Qd7 39.
Rf2 Bg5 40. h4 Be3 41. Bxd2 Bxd2 42. Rxd2 Qxd2 43. Qf4+ Qxf4 44. gxf4 Kg7 45. Kg3 Kf6 46. Kf2 Ke6 47. Ke3 Kd6 48. Kd4 b5 49. Bd5 a5 50.
Bf7 a4 51. bxa4 bxa4 52. Bxg6 Ke6 53. Bxh5 Kf6 54. a3 Ke6 55. Bd1 Kd6 56. Bxa4 Ke6 57. Bb3+ Kf6 1-0

[Event "*** Titled Tuesday Blitz"]
[Site "Chess.com"]
[Date "2021.04.27"]
[Round "5"]
[White "PavelChernomordik"]
[Black "TengisChess"]
[Result "1-0"]
[WhiteElo "2393"]
[BlackElo "2542"]
[TimeControl "180+1"]
[EndTime "10:57:10 PDT"]
[Termination "PavelChernomordik won by checkmate"]

1. e4 d6 2. d4 Nf6 3. Nc3 g6 4. Bg5 Bg7 5. Qd2 Nc6 6. f4 O-O 7. Nf3 Bg4 8. O-O-O a6 9. h3 Bxf3 10. gxf3 b5 11. f5 b4 12. Ne2 e5 13. d5 Na7 14. Ng3 Qd7 15. h4 Qa4 16. Kb1 Nb5 17. Bc4 Rab8 18. Bb3 Qa5 19. h5 h6 20. Bxh6 Nc3+ 21.
bxc3 bxc3 22. Qc1 Rxb3+ 23. axb3 Rb8 24. Bxg7 Qa4 25. Rd2 cxd2 26. Qxd2 Rxb3+ 27. cxb3 Qxb3+ 28. Qb2 Qd3+ 29. Qc2 Qb5+ 30. Kc1 Kxg7 31. hxg6 Qb6 32. gxf7 Kxf7 33. Nf1 a5 34. Nd2 a4 35. Nc4 Qd4 36.
Kb1 a3 37. Nxa3 Qb4+ 38. Qb2 Qc5 39. Rc1 Qe3 40. Rxc7+ Kf8 41. Qb8+ Ne8 42. Rc8 Qd3+ 43. Nc2 Qf1+ 44. Kb2 Kg7 45. Rxe8 Kh6 46. Rh8+ Kg5 47. Qd8+ Kf4 48. Qh4+ Kxf3 49. Qh3+ Qxh3 50. Rxh3+ Kxe4 51. f6 Kxd5 52. f7 Kc6 53. f8=Q d5 54. Rh6+ Kb5 55.
Qd6 Kc4 56. Qc6+ Kd3 57. Qxd5+ Ke2 58. Rh2+ Kf1 59. Qh1# 1-0

[Event "*** Titled Tuesday Blitz"]
[Site "Chess.com"]
[Date "2021.04.27"]
[Round "5"]
[White "Gerodot71"]
[Black "Novoselski"]
[Result "1-0"]
[WhiteElo "2573"]
[BlackElo "2405"]
[TimeControl "180+1"]
[EndTime "10:57:11 PDT"]
[Termination "Gerodot71 won on time"]

1. d4 g6 2. e4 Bg7 3. Nc3 c6 4. Be3 d5 5. f3 dxe4 6. fxe4 Nf6 7. Nf3 Ng4 8. Bf4 Qb6 9. a3 e5 10. Bg5 exd4 11. h3 dxc3 12. hxg4 cxb2 13. Rb1 Bc3+ 14. Bd2 Qe3+ 15. Be2 Bxg4 16. Bxc3 Qxc3+ 17. Kf2 Bxf3 18. gxf3 Nd7 19. Bd3 Ne5 20. Qe2 O-O-O 21. Rhd1 g5 22.
Qe3 Qd4 23. Qxd4 Rxd4 24. Rxb2 Rhd8 25. Rb3 c5 26. Rc3 c4 27. Rh1 Kb8 28. Be2 f6 29. Rxh7 R4d7 30. Rh6 Rd6 31. Ke3 b5 32. Rh1 a6 33.
Rb1 Ka7 34. a4 Rb6 35. axb5 axb5 36. Ra1+ Kb7 37. Rca3 Kc6 38. Ra7 b4 39. R1a5 Rd7 40.
Ra8 b3 41. cxb3 Rxb3+ 42. Kf2 Rb2 43. R8a6+ Kb7 44. Ra7+ Kc6 45. R7a6+ Rb6 46. Ra8 Rc7 47. Ra3 Kc5 48. Ke3 Rb3+ 49. Kd2 Rxa3 50. Rxa3 Kb4 51. Ra1 c3+ 52. Ke3 c2 53. Kd2 Kb3 54. Kc1 Rh7 55. Bd1 Rh1 56. Kd2 1-0

[Event "*** Titled Tuesday Blitz"]
[Site "Chess.com"]
[Date "2021.04.27"]
[Round "5"]
[White "stolencandy13"]
[Black "Kapibara_Warri0r"]
[Result "0-1"]
[WhiteElo "2465"]
[BlackElo "2234"]
[TimeControl "180+1"]
[EndTime "10:57:13 PDT"]
[Termination "Kapibara_Warri0r won by resignation"]

1. e4 e5 2. Nf3 Nc6 3. Nc3 Nf6 4. d4 exd4 5. Nxd4 Bb4 6. Nxc6 bxc6 7. Bd3 d6 8. O-O Be6 9. h3 h6 10. Qf3 Qd7 11.
a3 Bc5 12. Be3 Bxe3 13. Qxe3 O-O 14. f4 d5 15. exd5 Nxd5 16. Nxd5 Bxd5 17. f5 Rfe8 18. Qg3 f6 19. Rad1 Qe7 20. Kh2 Rab8 21. b4 c5 22. c3 c4 23. Bc2 c6 24. Rfe1 Qd7 25.
Be4 Qf7 26. Bxd5 cxd5 27. Re3 Rxe3 28. Qxe3 Rd8 29. Rd4 Qc7+ 30. Qg3 Qe5 31. Rg4 Rd7 32. Kg1 d4 33. cxd4 Rxd4 34. Qxe5 fxe5 35. Rg3 Rd3 36.
Rg4 c3 37. Rc4 Kf7 38. Kf2 Kf6 39. g4 Rxh3 40. a4 e4 41. Ke2 Ke5 42. b5 Kd5 43.
Rc7 Kd4 44. a5 Rh2+ 45. Kd1 e3 46. b6 axb6 47. axb6 Rb2 48. b7 Kd3 49. Rd7+ Ke4 50. Kc1 e2 51. Re7+ Kf3 52. b8=Q Rxb8 53. Kc2 Kf2 54.
Kxc3 e1=Q+ 55. Rxe1 Kxe1 56. Kd4 Rb4+ 57. Ke5 Rxg4 58.
f6 gxf6+ 59. Kxf6 h5 60. Kf5 Kf2 61. Ke5 Kf3 62. Kf5 h4 63. Ke5 h3 64. Kd5 h2 65.
Ke5 h1=Q 66. Kf5 Qh5+ 0-1

[Event "*** Titled Tuesday Blitz"]
[Site "Chess.com"]
[Date "2021.04.27"]
[Round "5"]
[White "Lenyas66"]
[Black "moro182"]
[Result "0-1"]
[WhiteElo "2485"]
[BlackElo "2709"]
[TimeControl "180+1"]
[EndTime "10:57:14 PDT"]
[Termination "moro182 won on time"]

1. e4 e5 2. Nf3 Nc6 3. Bb5 a6 4.
Ba4 Nf6 5. O-O b5 6. Bb3 Bc5 7. a4 Rb8 8. axb5 axb5 9. c3 d6 10. d4 Bb6 11. Qd3 O-O 12. Be3 Qe8 13. Nbd2 Bg4 14. Rfe1 Qe7 15. h3 Bxf3 16. Nxf3 exd4 17. Nxd4 Nxd4 18. Bxd4 Bxd4 19. cxd4 c5 20. e5 c4 21. Qf3 dxe5 22. dxe5 Nd7 23. Bc2 Nc5 24. Qe3 Rfd8 25. Rad1 g6 26. f4 Ne6 27. f5 gxf5 28. Bxf5 Qc5 29. Qxc5 Nxc5 30. Kf2 Na4 31.
Rxd8+ Rxd8 32. e6 fxe6 33. Rxe6 Nxb2 34. Re7 b4 35. Bxh7+ Kf8 36. Rb7 b3 37. g4 Nd3+ 38.
Ke3 Nc5 39. Rc7 Ne6 40. Rxc4 Rb8 41. Rc6 Ng5 42. Bd3 Nxh3 43. Kd2 Ke7 44. Kc3 Nf4 45. Bf5 b2 46. Bb1 Nd5+ 47. Kd4 Nb4 48. Rc4 Rb6 49. g5 Kd6 50. Kc3 Nd5+ 51. Kd4 Nf4 52. Rc2 Ne6+ 53. Kd3 Ke5 54. Kc3 Nf4 55. Rxb2 Nd5+ 56. Kc2 Ne3+ 57.
Kc1 Rc6+ 0-1

[Event "*** Titled Tuesday Blitz"]
[Site "Chess.com"]
[Date "2021.04.27"]
[Round "5"]
[White "niki_2003"]
[Black "mirochka"]
[Result "0-1"]
[WhiteElo "2033"]
[BlackElo "2230"]
[TimeControl "180+1"]
[EndTime "10:57:14 PDT"]
[Termination "mirochka won by checkmate"]

1. e4 c5 2. Nf3 e6 3. d4 cxd4 4. Nxd4 a6 5. Nc3 b5 6. g3 Bb7 7. Bg2 Qc7 8. O-O Nc6 9. Be3 Nf6 10. Nce2 Nxd4 11. Qxd4 Rc8 12. c3 Bc5 13. Qd3 O-O 14. Nd4 Qb8 15. Kh1 Qa8 16. f3 d6 17. b4 Ba7 18. Rac1 Rc7 19. Ne2 Bxe3 20. Qxe3 Rfc8 21.
Qd3 d5 22. exd5 Nxd5 23. a3 Rc4 24. Rc2 Qa7 25. Nd4 g6 26. Rfc1 Qb8 27. f4 Qa8 28. Kg1 Qa7 29. Kf1 Qb6 30. Bf3 a5 31. Bxd5 Bxd5 32.
bxa5 Qxa5 33. Nb3 Qb6 34. Nd2 R4c6 35. Qe2 Qa5 36. Qf2 Qxa3 37. Rb1 Rxc3 38. Rbc1 Rxc2 39.
Nb1 Rxc1+ 40. Ke2 R8c2+ 41. Nd2 Rxd2+ 42. Kxd2 Qb2+ 43. Ke3 Rc3+ 44. Kd4 Qxf2+ 45. Kxc3 Qe3+ 46. Kb4 Qb3+ 47. Ka5 Qa4+ 48. Kb6 b4 49. Kc5 b3 50. Kd6 b2 51. Ke5 b1=Q 52. Kf6 Qb2+ 53. Ke7 Qab4+ 54. Ke8 Qb5+ 55. Kd8 Qb7 56. Ke8 Q2b6 57. f5 Q7c7 58. fxg6 Qbb8# 0-1

[Event "*** Titled Tuesday Blitz"]
[Site "Chess.com"]
[Date "2021.04.27"]
[Round "5"]
[White "WildBizon"]
[Black "rasmussvane"]
[Result "1-0"]
[WhiteElo "2672"]
[BlackElo "2894"]
[TimeControl "180+1"]
[EndTime "10:57:20 PDT"]
[Termination "WildBizon won by resignation"]

1. e4 c6 2. d4 d5 3. Nc3 dxe4 4.
Nxe4 Nf6 5. Nxf6+ exf6 6. c3 Bd6 7. Bd3 O-O 8. Qc2 Re8+ 9. Ne2 h5 10. Be3 Bd7 11.
O-O-O Be6 12. Kb1 Nd7 13. c4 Rc8 14. Ng3 b5 15. c5 Bf8 16. Nxh5 Bg4 17. Be2 Bxe2 18.
Qxe2 g6 19. Nf4 f5 20. Qc2 Nf6 21. h4 Bh6 22. h5 g5 23. Nd3 Nd5 24. Ne5 Qf6 25.
Bc1 Qe6 26. Rhe1 Nb4 27. Qb3 Qxb3 28. axb3 f6 29. Ng6 Kf7 30. Bd2 Nd5 31. Kc2 Bg7 32. Ra1 Rxe1 33. Bxe1 Rc7 34. Ra6 Bh6 35. Ba5 g4 36. Kd1 Rd7 37. Rxc6 Nf4 38. Rc7 Rxc7 39. Bxc7 Nd5 40. Bb8 a6 41. c6 Ke6 42. Nh4 Bg5 43. c7 Nb6 44. Ng6 Kf7 45. d5 Nc8 46. Ke2 Bc1 47.
b4 Bxb2 48. Kd3 Ba3 49. Kc3 Bc1 50. Kd4 Bb2+ 51. Kc5 f4 52. Nxf4 Be5 53. Nd3 Bd6+ 54.
Kc6 Bf8 55. h6 Bxh6 56. Kd7 Nb6+ 57. Kd8 Bg5 58. c8=Q f5+ 59. Kc7 Nxc8 60. Kxc8 Bd2 61. d6 Bf4 62. d7 Bxb8 63. d8=Q Ke6 64. Qd7+ 1-0

[Event "*** Titled Tuesday Blitz"]
[Site "Chess.com"]
[Date "2021.04.27"]
[Round "5"]
[White "MichailovM"]
[Black "vinniethepooh"]
[Result "0-1"]
[WhiteElo "2453"]
[BlackElo "2721"]
[TimeControl "180+1"]
[EndTime "10:57:21 PDT"]
[Termination "vinniethepooh won by resignation"]

1. d4 Nf6 2. Nf3 d5 3. c4 e6 4. g3 dxc4 5. Bg2 a6 6. O-O Nc6 7. Nc3 Bb4 8. Bg5 h6 9. Bxf6 Qxf6 10. e3 O-O 11. Qe2 Bxc3 12. bxc3 e5 13. Qxc4 exd4 14. cxd4 Qd6 15. Rfc1 Be6 16. Qc5 Bd5 17. a3 Rad8 18. Rab1 b6 19. Qc2 Rfe8 20. Nd2 Bxg2 21. Kxg2 Qd5+ 22.
Kg1 Rd6 23. Qc4 Qf5 24. Rb2 Rf6 25. Nf1 Qf3 26. Qe2 Qxe2 27. Rxe2 Nxd4 28. Rb2 Rc6 29. Rd1 Nf3+ 30. Kg2 Ne5 31. h3 f5 32. Rd4 b5 33.
Nd2 Kf7 34. Nb3 Nc4 35. Rc2 Rd6 36. a4 Kf6 37. axb5 axb5 38. Rxd6+ cxd6 39. Nd4 Na3 40. Rc6 Ke5 41. Rb6 Kd5 42. Rb7 g6 43. h4 Kc4 44. h5 gxh5 45. Nxf5 Rd8 46. Rc7+ Kb3 47. Nd4+ Kb2 48. f4 b4 49. f5 b3 50. Rb7 Nc4 51. Rxb3+ Kc1 52. Kf3 Kd2 53. Ke4 d5+ 54. Kf4 Re8 55. f6 Nd6 56. Rb6 Re4+ 57. Kf3 Nf7 58. Re6 Ng5+ 59. Kg2 Nxe6 0-1